 Dungeon Crawl Stone Soup version 0.31.0-11-ge490571c62 (webtiles) character file.

Game seed: 13157588441798098311

184 Peloso the Covered (level 5, -4/47 HPs)
             Began as a Minotaur Fighter on Feb 9, 2024.
             Killed by nerve-wracking pain
             ... invoked by Menkaure
              (10 damage)
             ... on level 4 of the Dungeon.
             The game lasted 00:02:21 (1594 turns).

Peloso the Covered (Minotaur Fighter)               Turns: 1594, Time: 00:02:21

Health: -4/47      AC:  7    Str: 21    XL:     5   Next: 36%
Magic:  4/4        EV:  9    Int:  5    God:
Gold:   108        SH:  4    Dex: 11    Spells: 4/4 levels left

rFire   . . .        a - +0 long sword
rCold   . . .        c - +0 buckler
rNeg    . . .        b - +0 scale mail
rPois   .            (helmet restricted)
rElec   .            (no cloak)
rCorr   .            (no gloves)
SInv    .            (no boots)
Will    .....        (no amulet) Stlth
                     (no ring)
HPRegen 0.27/turn    (no ring)
MPRegen 0.09/turn

%: no passive effects
@: no status effects
A: horns 2, retaliatory headbutt
a: no special abilities


You were on level 4 of the Dungeon.
You visited 1 branch of the dungeon, and saw 4 of its levels.

You collected 108 gold pieces.

Inventory:

Hand Weapons
 a - a +0 long sword (weapon)
Armour
 b - a +0 scale mail (worn)
 c - a +0 buckler (worn)
Scrolls
 e - a scroll of teleportation {unknown}
 f - a scroll of immolation {unknown}
 g - 2 scrolls of identify {unknown}
 i - a scroll of blinking {unknown}
 j - a scroll of revelation {unknown}
Potions
 d - a potion of might


   Skills:
 + Level 4.3 Fighting
 + Level 4.1 Long Blades
 + Level 5.3 Armour
 + Level 0.7 Dodging
 + Level 0.2 Stealth
 + Level 4.3 Shields


You had 4 spell levels left.
You didn't know any spells.
Your spell library contained the following spells:

 Spells                   Type           Power      Damage    Failure   Level
 Ensorcelled Hibernation  Hex/Ice        0%         N/A       95%         2
 Mercury Vapours          Alch/Air       0%         N/A       95%         2
 Fugue of the Fallen      Necr           0%         N/A       99%         3
 Gell's Gravitas          Tloc           0%         N/A       99%         3
 Mephitic Cloud           Conj/Alch/Air  0%         N/A       99%         3
 Teleport Other           Tloc           0%         N/A       99%         3
 Anguish                  Hex/Necr       0%         N/A       100%        4
 Freezing Cloud           Conj/Ice/Air   0%         6-21      100%        5
 Dispersal                Tloc           0%         N/A       100%        6


Dungeon Overview and Level Annotations

Branches:
Dungeon (4/15)
 Temple: D:4-7

Altars:
Wu Jian
Yredelemnul

Annotations:
D:2 Dig
D:3 Sigmund
D:4 Menkaure


Innate Abilities, Weirdness & Mutations

You have a pair of horns on your head.
You reflexively headbutt those who attack you in melee.


Message History

The orc wizard hits you but does no damage.
Unknown command.
You closely miss the orc wizard. You headbutt the orc wizard!
The orc wizard is severely wounded.
The orc hits you with a +0 dagger. The orc wizard closely misses you.
You furiously retaliate!
You headbutt the orc wizard!
You kill the orc wizard!
Your Long Blades skill increases to level 4!
Unknown command.
You block the orc's attack.
There is a stone staircase leading up here.
Things that are here:
a +0 dagger; a +0 robe Unknown command.
Unknown command.
You hit the orc.
The orc is heavily wounded.
The orc hits you but does no damage.
Menkaure, Prince of Dust comes into view.
You closely miss the orc.
The orc is heavily wounded.
The orc hits you but does no damage.
You hit the orc but do no damage.
The orc is heavily wounded.
The orc hits you but does no damage. You block the orc's attack.
You hit the orc.
You kill the orc!
Menkaure gestures at you while chanting.
Pain shoots through your body!
There is a stone staircase leading up here.
Items here: )) [[.
Menkaure calls on the powers of darkness!
Your body is wracked with pain!
Menkaure whispers in an indecipherable tongue.
Menkaure gestures at you while chanting.
Pain shoots through your body!
* * * LOW HITPOINT WARNING * * *
Menkaure casts a spell at you. Pain shoots through your body!
You die...

##.. ...... ......#
.......##
........##########.#
#........†).≈≈≈...#
#..M....<)#'###+##
#.......#.###
#.....@..##
......#...#
.....#....#
........#.#
..........#
.###..#....
#..####..# #.# #.##


You could see Menkaure.

Vanquished Creatures
  An iguana (D:2)
  2 orc wizards (D:4)
  3 gnolls (D:2)
  3 adders
  4 orcs
  6 endoplasms
  4 giant cockroaches
  4 goblins
  3 hobgoblins
  3 kobolds
  3 ball pythons
  6 bats
  2 frilled lizards (D:1)
  3 rats (D:2)
47 creatures vanquished.

Notes
Turn   | Place    | Note
-------+----------+-------------------------------------------
     0 | D:1      | Peloso the Minotaur Fighter began the quest for the Orb.
     0 | D:1      | Reached XP level 1. HP: 19/19 MP: 0/0
     2 | D:1      | Noticed an oni
     2 | D:1      | Noticed a minotaur
     4 | D:1      | Noticed a tengu
     4 | D:1      | Noticed a felid
     6 | D:1      | Noticed a gargoyle
     8 | D:1      | Noticed a naga
    10 | D:1      | Noticed a vampire
    10 | D:1      | Noticed a demigod
    12 | D:1      | Noticed a formicid
    12 | D:1      | Noticed a spriggan
    14 | D:1      | Noticed a draconian
    14 | D:1      | Noticed an armataur
    16 | D:1      | Noticed a ghoul
    16 | D:1      | Noticed a demonspawn
    18 | D:1      | Noticed a troll
    18 | D:1      | Noticed a merfolk
    20 | D:1      | Noticed a human
    22 | D:1      | Noticed a djinni
    22 | D:1      | Noticed a barachi
    24 | D:1      | Noticed a vine stalker
    24 | D:1      | Noticed an elf
    26 | D:1      | Noticed an octopode
   263 | D:1      | Reached XP level 2. HP: 27/27 MP: 1/1
   536 | D:1      | Found a faded altar of an unknown god.
   726 | D:1      | Reached skill level 4 in Armour
   946 | D:2      | Reached XP level 3. HP: 25/33 MP: 2/2
  1111 | D:2      | Found a basalt altar of Yredelemnul.
  1247 | D:2      | Reached XP level 4. HP: 40/40 MP: 3/3
  1456 | D:3      | Found an ornate altar of the Wu Jian Council.
  1553 | D:3      | Noticed Sigmund
  1565 | D:4      | Reached skill level 5 in Armour
  1574 | D:4      | Reached XP level 5. HP: 44/47 MP: 4/4
  1586 | D:4      | Noticed Menkaure
  1594 | D:4      | Killed from afar by Menkaure

Illustrated notes

Levels and vault maps discovered:
D:1:      kb_arrival_jail, layout_loops_corners,
          shapermc_ecumenical_altar_flowoftime
D:2:      layout_rooms, basic_altar, chequers_mini_garden, due_unseen_surprise
D:3:      layout_rooms, lemuel_round_altar, reono_crystal_passage, uniq_sigmund
D:4:      layout_layer_cave, mainiacjoe_overflow_brackets, corexii_corridor_pit,
          uniq_robin, uniq_grinder, uniq_menkaure

Skill      XL: |  1  2  3  4  5 |
---------------+----------------+-----
Fighting       | 4 |  4.3
Armour         | 4 5 |  5.3
Shields        | 4 |  4.3
Long Blades    | 3 4 |  4.1
Dodging        | |  0.7
Stealth        | |  0.2

Action                     |  1- 3 |  4- 6 || total
---------------------------+-------+-------++-------
  Melee: Long sword        |    67 |    42 ||   109
         Headbutt          |     8 |     7 ||    15
    Use: Potion            |     2 |     1 ||     3
 Armour: Scale mail        |    52 |    43 ||    95
  Dodge: Dodged            |    38 |    21 ||    59
  Block: Buckler           |    20 |     9 ||    29
